 Dungeon Crawl Stone Soup version 0.17-a0-1046-ga09e34d (webtiles) character file.

4 Gorice the Covered (level 1, 0/12 HPs)
             Began as a Deep Elf Wanderer on May 15, 2015.
             Slain by a bat (1 damage)
             ... on level 1 of the Dungeon.
             The game lasted 00:02:12 (188 turns).

Gorice the Covered (Deep Elf Wanderer)               Turns: 188, Time: 00:02:12

Health: 0/12       AC:  8    Str:  8    XL:     1   Next: 50%
Magic:  3/3        EV:  8    Int: 16    God:
Gold:   6          SH:  0    Dex: 15    Spells: 0 memorised, 0 levels left

rFire  . . .     SeeInvis .     c - +0 dagger
rCold  . . .     Clarity  .     a - +2 scale mail
rNeg   . . .     SustAb   .     (no shield)
rPois  .         Gourm    .     (no helmet)
rElec  .         Spirit   .     (no cloak)
rCorr  .         Warding  .     (no gloves)
rMut   .         Stasis   .     (no boots)
MR     .....                    (no amulet)
Stlth  ..........               (no ring)
                                (no ring)

@: not resistant to hostile enchantments, extremely unstealthy
A: no striking features
a: no special abilities


You were on level 1 of the Dungeon.
You were not hungry.

You visited 1 branch of the dungeon, and saw 1 of its levels.

You collected 6 gold pieces.

Inventory:

Hand weapons
 c - a +0 dagger (weapon)
Missiles
 Z - 22 stones (quivered)
Armour
 a - a +2 scale mail (worn)
Scrolls
 e - a scroll of random uselessness {unknown}
 i - a scroll of remove curse {unknown}
Potions
 b - 2 potions of lignification {!q}
Comestibles
 d - a bread ration {!e}
 f - a meat ration {!e}
 g - a slice of pizza
 h - 2 chunks of flesh


   Skills:
 + Level 1.7 Fighting
 * Level 0.8(1.1) Short Blades
   Level 1.0(1.1) Long Blades
   Level 1.0 Crossbows
 - Level 2.1 Throwing
 - Level 2.4 Armour
 - Level 1.2 Dodging


You couldn't memorise any spells.
You didn't know any spells.

Dungeon Overview and Level Annotations

Branches:
Dungeon (1/15)

Altars:


Message History

Your scale mail prevents you from hitting the kobold.
The bat hits you but does no damage. The kobold hits you with a short sword.
Damage: 4 (max 4)
You hit the kobold.
The kobold is moderately wounded.
The bat hits you but does no damage. The kobold hits you but does no damage.
You closely miss the kobold.
The kobold is moderately wounded.
The bat barely misses you. The kobold closely misses you.
You barely miss the kobold.
The kobold is moderately wounded.
The bat closely misses you. The bat hits you but does no damage.
The kobold hits you but does no damage.
You hit the kobold but do no damage.
The kobold is moderately wounded.
The bat hits you but does no damage. The kobold hits you but does no damage.
You barely miss the kobold.
The kobold is moderately wounded.
The bat closely misses you. The kobold hits you with a short sword.
* * * LOW HITPOINT WARNING * * *
Damage: 4 (max 4)
You closely miss the kobold.
The kobold is moderately wounded.
The bat hits you but does no damage. The kobold barely misses you.
You hit the kobold but do no damage.
The kobold is moderately wounded.
The bat closely misses you. The bat hits you but does no damage.
You barely miss the kobold.
The kobold is moderately wounded.
The bat hits you but does no damage. The bat closely misses you.
The kobold hits you but does no damage.
You closely miss the kobold.
The kobold is moderately wounded.
The bat hits you.
* * * LOW HITPOINT WARNING * * *
The bat barely misses you. The kobold hits you but does no damage.
Damage: 1 (max 4)
You miss the kobold.
The kobold is moderately wounded.
The bat hits you.
* * * LOW HITPOINT WARNING * * *
The bat closely misses you. The kobold barely misses you.
Damage: 1 (max 4)
You closely miss the kobold.
The kobold is moderately wounded.
The bat hits you but does no damage. The kobold hits you but does no damage.
You hit the kobold but do no damage.
The kobold is moderately wounded.
The bat barely misses you. The bat hits you.
You die...

.............#######...###.....##
..............#....#..## ##...###
.................#....## ##..#.##
..............######...###...###.
#.#..........## .###.......## #.
#.#..........####K# ##.....## ##
#.#.........#'.#.# ###..## #
...........####K### ###...####
.........### ##@b# #...##...##
..)...#### ###.###..#..#..#
..#.### # #....###.## .##.#
##.### #..## .##.# ### #....
....# ##... .##.# #### ....#
.##..


You could see a bat and a kobold.

Vanquished Creatures
  A hobgoblin (D:1)
  A jackal (D:1)
  A giant newt (D:1)
  A goblin (D:1)
4 creatures vanquished.

Notes
Turn   | Place    | Note
--------------------------------------------------------------
     0 | D:1      | Gorice the Deep Elf Wanderer began the quest for the Orb.
     0 | D:1      | Gorice set off with: a +2 scale mail, 2 potions of lignification {!q}, a +0 dagger, a bread ration {!e}
     0 | D:1      | Reached XP level 1. HP: 12/12 MP: 3/3
   181 | D:1      | HP: 3/12 [kobold/short sword (4)]
   186 | D:1      | HP: 1/12 [bat (1)]
   188 | D:1      | Slain by a bat

Vault maps used:
D:1:      dpeg_cavernosity, minmay_misc_feat_room

Action                   || total
-------------------------++-------
Melee: Dagger            ||    24

Table legend:
 A = Turns spent in this place as a percentage of turns spent in the entire game.
 B = Non-inter-level travel turns spent in this place as a percentage of non-inter-level travel turns spent in the entire game.
 C = Inter-level travel turns spent in this place as a percentage of turns spent in this place.
 D = Turns resting spent in this place as a percentage of non-inter-level travel turns spent in this place.
 E = Turns spent auto-exploring this place as a percentage of non-inter-level travel turns spent in this place.
 F = Non-inter-level travel turns spent in this place divided by the number of levels of this place that you've seen.
                   A       B       C       D       E      F
               +-------+-------+-------+-------+-------+----------------------
         Total | 100.0 | 100.0 |   0.0 |   0.0 |   2.2 |  93.0
       Dungeon | 100.0 | 100.0 |   0.0 |   0.0 |   2.2 |  93.0
               +-------+-------+-------+-------+-------+----------------------

Vault maps used:
D:1:      dpeg_cavernosity, minmay_misc_feat_room
